[Event "ICC tourney 2533 (25 5)"]
[Site "Internet Chess Club"]
[Date "2021.04.25"]
[Round "6"]
[White "YANG, ANDREW:K09-16578406"]
[Black "AWAD, STEELO:K09-16554876"]
[Result "0-1"]
[ICCResult "White checkmated"]
[WhiteElo "1263"]
[BlackElo "876"]
[Opening "King's Indian: 5.Nf3"]
[ECO "E90"]
[NIC "KI.22"]
[Time "13:13:42"]
[PlyCount "138"]
[TimeControl "1500+5"]

1. d4 Nf6 2. c4 d6 3. Nf3 g6 4. Nc3 Bg7 5. e4 Bg4 6. h3 Bxf3 7. Qxf3 Nc6 8.
Be3 e5 9. d5 Ne7 10. Bd3 O-O 11. Bg5 Nd7 12. b4 a6 13. Qe3 Re8 14. O-O Qc8
15. Rfc1 Nf8 16. Ne2 f5 17. Bxe7 f4 18. Qf3 Rxe7 19. Rab1 h6 20. c5 Qe8 21.
a4 Nh7 22. b5 Ng5 23. Qg4 axb5 24. Bxb5 Qc8 25. Qxc8+ Rxc8 26. cxd6 Rf7 27.
h4 Nxe4 28. d7 Rd8 29. Rxc7 Nd6 30. Rbc1 Kh7 31. f3 Nxb5 32. axb5 Rdxd7 33.
b6 Bf6 34. Rxd7 Rxd7 35. Rc7 Rg7 36. Nc3 Bd8 37. Rxg7+ Kxg7 38. Na4 Kf7 39.
Kf1 Ke7 40. Nc5 Bxb6 41. Nxb7 Kd7 42. d6 Kc8 43. Ke2 Kxb7 44. Kd3 Kc6 45.
d7 Kxd7 46. Ke4 Bd4 47. Kd5 Ke7 48. h5 gxh5 49. Ke4 Kf6 50. Kd5 Kg5 51. Ke6
Kh4 52. Kf6 Kg3 53. Kg6 h4 54. Kxh6 Kxg2 55. Kh5 h3 56. Kh4 h2 57. Kg4 h1=Q
58. Kf5 Qh5+ 59. Ke6 Qxf3 60. Kd6 Qa3+ 61. Kd5 f3 62. Ke4 f2 63. Kf5 f1=Q+
64. Ke6 Qb3+ 65. Kd6 Qf8+ 66. Kc6 Qa4+ 67. Kd5 Qf3+ 68. Kd6 Qac6+ 69. Ke7
Qff6# { White checkmated } 0-1

[Event "ICC tourney 2533 (25 5)"]
[Site "Internet Chess Club"]
[Date "2021.04.25"]
[Round "6"]
[White "WISNIOWSKI, NATALIE:K09-15702390"]
[Black "LU, JASON:K09-15264313"]
[Result "0-1"]
[ICCResult "White forfeits on time"]
[WhiteElo "2006"]
[BlackElo "2203"]
[Opening "King's Indian: 3.g3"]
[ECO "E60"]
[NIC "KI.79"]
[Time "13:09:37"]
[PlyCount "64"]
[TimeControl "1500+5"]

1. d4 Nf6 2. c4 g6 3. g3 Bg7 4. Bg2 O-O 5. Nf3 d6 6. O-O c5 7. dxc5 dxc5 8.
Ne5 Qc7 9. Nd3 Be6 10. Qa4 Qc8 11. Be3 Bh3 12. Bxc5 Bxg2 13. Kxg2 b6 14.
Be3 Ng4 15. Bd2 Rd8 16. Bc3 Nc6 17. Bxg7 Kxg7 18. Nc3 Qb7 19. Kg1 Nd4 20.
Nf4 a6 21. Rac1 b5 22. cxb5 axb5 23. Qb4 e5 24. Ng2 Rac8 25. h3 Rc4 26. Qa3
b4 27. Qa4 Rdc8 28. b3 Rxc3 29. Rxc3 bxc3 30. hxg4 c2 31. Qa5 Qc7 32. Ne3
Qxa5 { White forfeits on time } 0-1

[Event "ICC tourney 2533 (25 5)"]
[Site "Internet Chess Club"]
[Date "2021.04.25"]
[Round "6"]
[White "MUTHUKUMAR, HAARI:K09-17128308"]
[Black "MALLADI, SADKRITH:K09-15797710"]
[Result "0-1"]
[ICCResult "White resigns"]
[WhiteElo "1152"]
[BlackElo "1897"]
[Opening "Sicilian: accelerated fianchetto, modern variation with Bc4"]
[ECO "B35"]
[NIC "SI.33"]
[Time "13:13:22"]
[PlyCount "74"]
[TimeControl "1500+5"]

1. e4 c5 2. Nf3 Nc6 3. d4 cxd4 4. Nxd4 g6 5. Nc3 Bg7 6. Be3 Nf6 7. Bc4 O-O
8. Bb3 Re8 9. O-O d6 10. h3 Na5 11. Qd3 b6 12. Rfe1 Nxb3 13. axb3 Bb7 14.
Rad1 a6 15. Nde2 Qc7 16. Ng3 Rec8 17. Na4 Nd7 18. Bd4 Qxc2 19. Bxg7 Qxd3
20. Rxd3 Kxg7 21. Nc3 Nc5 22. Rde3 Rc6 23. Nge2 Nxb3 24. Nd5 Na5 25. Nxe7
Rc2 26. b4 Nc4 27. Rc3 Rxc3 28. Nxc3 a5 29. bxa5 bxa5 30. Rb1 Ra7 31. Nb5
Bxe4 32. Rc1 Rxe7 33. Rxc4 Bd3 34. Ra4 Bxb5 35. Rxa5 Re1+ 36. Kh2 Bc4 37.
Ra4 d5 { White resigns } 0-1

[Event "ICC tourney 2533 (25 5)"]
[Site "Internet Chess Club"]
[Date "2021.04.25"]
[Round "6"]
[White "SETHURAMAN, SANDEEP:K09-15472832"]
[Black "SATHISH, PRANAV:K09-16464655"]
[Result "1-0"]
[ICCResult "Black resigns"]
[WhiteElo "2194"]
[BlackElo "1768"]
[Opening "Nimzo-Indian: classical variation"]
[ECO "E32"]
[NIC "NI.20"]
[Time "13:10:46"]
[PlyCount "105"]
[TimeControl "1500+5"]

1. d4 Nf6 2. c4 e6 3. Nc3 Bb4 4. Qc2 O-O 5. a3 Bxc3+ 6. Qxc3 b6 7. Bg5 Bb7
8. e3 d6 9. Ne2 Nbd7 10. Qc2 Be4 11. Qd2 e5 12. Nc3 Bb7 13. d5 Nc5 14. Qc2
a5 15. Be2 h6 16. Bh4 a4 17. O-O Re8 18. Rad1 Qe7 19. e4 g6 20. f3 Kg7 21.
Bf2 Nfd7 22. Be3 Rh8 23. Nb5 Nf6 24. Nc3 Nfd7 25. f4 exf4 26. Bd4+ Ne5 27.
Rxf4 Nb3 28. Be3 Qd7 29. Rdf1 Raf8 30. Nb5 Qe7 31. Qc3 Ba6 32. Bd1 Bxb5 33.
cxb5 Nc5 34. Bxc5 bxc5 35. Bxa4 Qg5 36. Bc2 h5 37. a4 h4 38. h3 Qh5 39. Bd1
Qg5 40. b4 cxb4 41. Qxb4 f5 42. Qc3 Rf7 43. Bc2 Rhf8 44. exf5 gxf5 45. Qd2
Kg8 46. Rg4 fxg4 47. Qxg5+ Rg7 48. Rxf8+ Kxf8 49. Qd8+ Kf7 50. Qxc7+ Kg8
51. Qxg7+ Kxg7 52. b6 Kf8 53. Bf5 { Black resigns } 1-0

[Event "ICC tourney 2533 (25 5)"]
[Site "Internet Chess Club"]
[Date "2021.04.25"]
[Round "6"]
[White "BERGMAN CHUDNOW, BRYAN:K09-15424930"]
[Black "SINGH, HERSH:K09-15024326"]
[Result "0-1"]
[ICCResult "White forfeits on time"]
[WhiteElo "1759"]
[BlackElo "2240"]
[Opening "Queen's pawn game, Darooha variation "]
[ECO "D02"]
[NIC "QP.08"]
[Time "13:10:09"]
[PlyCount "90"]
[TimeControl "1500+5"]

1. d4 d5 2. Nf3 Nf6 3. g3 Bf5 4. Bg2 e6 5. O-O h6 6. c4 c6 7. Nc3 Nbd7 8.
Qb3 Qb6 9. c5 Qxb3 10. axb3 a6 11. Bf4 Be7 12. Rfe1 O-O 13. Rac1 Bh7 14. h4
Rfe8 15. b4 Bf8 16. Ra1 Nh5 17. Bd2 e5 18. Bh3 f5 19. dxe5 Nxe5 20. Nxe5
Rxe5 21. Bg2 Rae8 22. Bf3 Nf6 23. Bf4 R5e6 24. Red1 Bg6 25. Be3 Bh5 26.
Bxh5 Nxh5 27. Kg2 Be7 28. Bd4 f4 29. g4 Nf6 30. f3 Nd7 31. Kh3 Bd8 32. h5
Kf7 33. Kg2 Bc7 34. Kf2 g6 35. hxg6+ Rxg6 36. Rh1 Be5 37. Rad1 Kg7 38. Na2
Rge6 39. Nc1 Kg6 40. Rd2 Bc7 41. Nd3 Rf8 42. Rdd1 Rf7 43. Rh3 Rfe7 44. Re1
Nf8 45. Rh5 Nd7 { White forfeits on time } 0-1

[Event "ICC tourney 2533 (25 5)"]
[Site "Internet Chess Club"]
[Date "2021.04.25"]
[Round "6"]
[White "PARK, EVAN:K09-15748464"]
[Black "VU, LEONARD:K09-15005368"]
[Result "0-1"]
[ICCResult "White resigns"]
[WhiteElo "2322"]
[BlackElo "2000"]
[Opening "Sicilian: chameleon variation"]
[ECO "B20"]
[NIC "SI.48"]
[Time "13:12:29"]
[PlyCount "80"]
[TimeControl "1500+5"]

1. e4 c5 2. Ne2 Nc6 3. Nbc3 Nf6 4. h3 e6 5. g4 d5 6. exd5 exd5 7. Bg2 d4 8.
Ne4 Nxe4 9. Bxe4 Bd6 10. d3 f5 11. gxf5 O-O 12. Rg1 Bxf5 13. Bg5 Qd7 14.
Bh6 Rf7 15. Bd5 Be6 16. Be4 Raf8 17. f3 Kh8 18. Bg5 Bf5 19. Bd5 Be6 20. Be4
Bxh3 21. Qd2 Ne5 22. f4 Ng4 23. f5 Nf6 24. Bf4 Re8 25. Bxd6 Qxd6 26. Rg3
Bxf5 27. Rg1 Bxe4 28. dxe4 Nxe4 29. Qd3 Nf2 30. Qc4 Qe5 31. Rg5 Qe4 32. Rg1
Rf3 33. Rf1 Qf5 34. Kd2 Rfe3 35. Rae1 Ne4+ 36. Kc1 Qg5 37. Rg1 Rg3+ 38. Kb1
Nd2+ 39. Ka1 Nxc4 40. Rxg3 Qd2 { White resigns } 0-1

[Event "ICC tourney 2533 (25 5)"]
[Site "Internet Chess Club"]
[Date "2021.04.25"]
[Round "6"]
[White "DAVID NAKADA, JOHJI:K09-15202138"]
[Black "KAMISETTY, NIKHIL:K09-15482975"]
[Result "1-0"]
[ICCResult "Black checkmated"]
[WhiteElo "1869"]
[BlackElo "1452"]
[Opening "French: Wing gambit"]
[ECO "C00"]
[NIC "FR.01"]
[Time "13:09:56"]
[PlyCount "101"]
[TimeControl "1500+5"]

1. e4 e6 2. Nf3 d5 3. e5 c5 4. b4 cxb4 5. a3 bxa3 6. d4 Nc6 7. c3 Bd7 8.
Bxa3 Bxa3 9. Nxa3 a6 10. Bd3 b5 11. Nc2 Nge7 12. O-O Ng6 13. g3 O-O 14. h4
f5 15. h5 Nh8 16. Ne3 Be8 17. Nh4 f4 18. Neg2 fxg3 19. fxg3 Rxf1+ 20. Kxf1
Qg5 21. Nf4 Qxg3 22. Nhg2 Ne7 23. Nxe6 Bd7 24. Nef4 Bg4 25. Qc2 Rf8 26.
Bxh7+ Kf7 27. Kg1 Bf3 28. Rf1 Ke8 29. Qd3 Rxf4 30. Qd2 Bxg2 31. Qxf4 Qxf4
32. Rxf4 Bh3 33. Rh4 Be6 34. h6 gxh6 35. Rxh6 Bc8 36. Bd3 Nf7 37. Rb6 Ng5
38. Kg2 Ne4 39. Bxe4 dxe4 40. Kf2 Nd5 41. Rc6 Kd7 42. Rd6+ Kc7 43. Rxd5 Kb6
44. Rd6+ Ka5 45. e6 b4 46. cxb4+ Kxb4 47. e7 a5 48. e8=Q a4 49. Qxc8 a3 50.
Rb6+ Ka4 51. Qa6# { Black checkmated } 1-0

[Event "ICC tourney 2533 (25 5)"]
[Site "Internet Chess Club"]
[Date "2021.04.25"]
[Round "6"]
[White "CHAMESH, AKUL:K09-16661211"]
[Black "T ZHANG, ANTHONY:K09-16058232"]
[Result "0-1"]
[ICCResult "White checkmated"]
[WhiteElo "916"]
[BlackElo "1314"]
[Opening "French: advance, Wade variation"]
[ECO "C02"]
[NIC "FR.03"]
[Time "13:12:44"]
[PlyCount "150"]
[TimeControl "1500+5"]

1. e4 e6 2. d4 d5 3. e5 c5 4. c3 Qb6 5. Nf3 Bd7 6. Be2 Bb5 7. O-O Bxe2 8.
Qxe2 Nc6 9. Rd1 c4 10. Qc2 Qa6 11. Be3 Na5 12. Nbd2 Ne7 13. b4 cxb3 14.
Nxb3 Nc4 15. Bf4 Ng6 16. Bg3 Be7 17. h3 O-O 18. Bh2 Rac8 19. Qe2 Qb6 20.
Rdc1 Ba3 21. Rc2 Rc6 22. Rd1 Rfc8 23. Rd3 Nb2 24. Re3 Na4 25. Qd2 Qa6 26.
Qe1 Bb2 27. Qd2 Bxc3 28. Rexc3 Nxc3 29. Qe1 Nxa2 30. Rxc6 Rxc6 31. Bg3 Nc3
32. Nbd2 Ne2+ 33. Kh1 Nxg3+ 34. fxg3 Qa3 35. Kh2 h6 36. Qf2 Rc1 37. g4 Qd3
38. Ne1 Qc3 39. Nef3 a5 40. Nf1 Nf4 41. Ng3 Rc2 42. Qf1 Rxg2+ 43. Kh1 Rxg3
44. Nh2 Qxd4 45. Qe1 Qe4+ 46. Qxe4 dxe4 47. Nf1 Rxh3+ 48. Kg1 a4 49. Nd2
Rg3+ 50. Kf1 Rxg4 51. Nxe4 Nd3 52. Nc3 Nxe5 53. Ke2 a3 54. Kd2 Rd4+ 55. Kc2
Nf3 56. Kb3 Rd3 57. Kc2 Rd2+ 58. Kb3 Nd4+ 59. Kxa3 Rd3 60. Kb4 Rxc3 61.
Kxc3 e5 62. Kd3 b5 63. Kc3 e4 64. Kd2 Nf3+ 65. Ke3 f5 66. Kf2 g5 67. Ke2 b4
68. Kd1 b3 69. Kc1 h5 70. Kd1 f4 71. Kc1 h4 72. Kd1 h3 73. Ke2 b2 74. Kd1
b1=Q+ 75. Ke2 Qe1# { White checkmated } 0-1

[Event "ICC tourney 2533 (25 5)"]
[Site "Internet Chess Club"]
[Date "2021.04.25"]
[Round "6"]
[White "QUAN, JAKE TAYLOR:K09-15117746"]
[Black "HUANG, BRIAN:K09-15187606"]
[Result "0-1"]
[ICCResult "White checkmated"]
[WhiteElo "1582"]
[BlackElo "2017"]
[Opening "Queen's pawn game, Darooha variation "]
[ECO "E06"]
[NIC "QP.08"]
[Time "13:10:08"]
[PlyCount "100"]
[TimeControl "1500+5"]

1. d4 d5 2. Nf3 Nf6 3. g3 e6 4. Bg2 Be7 5. O-O O-O 6. c4 c6 7. cxd5 cxd5 8.
Nc3 Nc6 9. Re1 Ne4 10. Nd2 Nxd2 11. Qxd2 Bb4 12. a3 Bxc3 13. bxc3 Na5 14.
Qc2 Bd7 15. e4 Bc6 16. Bf4 dxe4 17. Bxe4 Bxe4 18. Qxe4 Rc8 19. h4 b6 20. h5
h6 21. Be5 Nc4 22. Bf4 Nd6 23. Qe3 Nb5 24. Rac1 Nxa3 25. g4 Nc4 26. Qg3 Qd5
27. g5 hxg5 28. Bxg5 Kh7 29. Kh2 f6 30. Bh4 g5 31. Qd3+ Qf5 32. Qxf5+ exf5
33. Re7+ Kh8 34. Rg1 Nd2 35. Rd1 Nf3+ 36. Kh1 gxh4 37. d5 h3 38. Rd3 Ne5
39. Rxh3 Rcd8 40. f4 Ng4 41. Kg1 Rxd5 42. Rxa7 Rd2 43. Rb7 Re8 44. Rf3 Ree2
45. Rb8+ Kh7 46. Rxb6 Nh2 47. Rb7+ Kh6 48. Rf1 Rg2+ 49. Kh1 Nxf1 50. Rb2
Ng3# { White checkmated } 0-1

[Event "ICC tourney 2533 (25 5)"]
[Site "Internet Chess Club"]
[Date "2021.04.25"]
[Round "6"]
[White "PALUSA, MAURYA:K09-14641168"]
[Black "BALAKRISHNAN, NAVEEN:K09-15197624"]
[Result "1/2-1/2"]
[ICCResult "Game drawn by mutual agreement"]
[WhiteElo "2089"]
[BlackElo "1755"]
[Opening "Sicilian: Richter-Rauzer, Rauzer attack, 7...a6 defense, 9...Be7"]
[ECO "B68"]
[NIC "SI.29"]
[Time "13:11:38"]
[PlyCount "83"]
[TimeControl "1500+5"]

1. e4 c5 2. Nf3 Nc6 3. d4 cxd4 4. Nxd4 Nf6 5. Nc3 d6 6. Bg5 e6 7. Qd2 a6 8.
O-O-O Be7 9. f4 Bd7 10. Be2 b5 11. Bf3 Rc8 12. Rhe1 e5 13. Nxc6 Rxc6 14.
Bxf6 Bxf6 15. Nd5 Be6 16. g4 h6 17. Kb1 Bxd5 18. Qxd5 Qc7 19. Re2 Ke7 20.
f5 Bg5 21. Rh1 Bf4 22. h4 Rc4 23. Rg2 Rc8 24. Qd3 Rd4 25. Qb3 Rd2 26. Rxd2
Bxd2 27. Qd3 Bf4 28. Rg1 f6 29. Be2 Qc5 30. Rd1 Rc6 31. Qb3 Qf2 32. Qe6+
Kf8 33. Rxd6 Qe1+ 34. Rd1 Qxd1+ 35. Bxd1 Rxe6 36. fxe6 Ke7 37. c3 Kxe6 38.
Kc2 Kd6 39. Kd3 Kc5 40. Be2 a5 41. b3 b4 42. c4 { Game drawn by mutual
agreement } 1/2-1/2

[Event "ICC tourney 2533 (25 5)"]
[Site "Internet Chess Club"]
[Date "2021.04.25"]
[Round "6"]
[White "A BADAMI, KAAMIL:K09-17077227"]
[Black "MAXIMILIAN RUIZ, ANTHONY:K09-17237494"]
[Result "1-0"]
[ICCResult "Black forfeits on time"]
[WhiteElo "674"]
[BlackElo "1079"]
[Opening "King's pawn game"]
[ECO "C21"]
[NIC "KP.10"]
[Time "13:11:37"]
[PlyCount "89"]
[TimeControl "1500+5"]

1. e4 e5 2. d4 f6 3. dxe5 fxe5 4. Nf3 Nc6 5. Bc4 Bc5 6. Bxg8 Rxg8 7. O-O d6
8. Bg5 Ne7 9. h3 h6 10. Be3 Bb6 11. Nc3 g5 12. Qe2 g4 13. hxg4 Bxg4 14.
Bxh6 Ng6 15. Qd3 Nf4 16. Bxf4 exf4 17. Nd4 Bxd4 18. Qxd4 Qh4 19. Qa4+ c6
20. Nd5 Rh8 21. f3 Qh2+ 22. Kf2 Qg3+ 23. Kg1 Qh2+ 24. Kf2 Bxf3 25. Kxf3
Qg3+ 26. Ke2 O-O-O 27. Nxf4 d5 28. exd5 Rhe8+ 29. Kd2 Rxd5+ 30. Nxd5 Qg5+
31. Kc3 Qe5+ 32. Qd4 Qd6 33. Rf5 c5 34. Qc4 Qg3+ 35. Qd3 Qg7+ 36. Kb3 c4+
37. Qxc4+ Kb8 38. a3 Qg3+ 39. Qc3 Qd6 40. Nb4 Qe6+ 41. Qc4 Qxf5 42. Rd1 b5
43. Qd5 Re3+ 44. Rd3 Re5 45. Qd6+ { Black forfeits on time } 1-0

[Event "ICC tourney 2533 (25 5)"]
[Site "Internet Chess Club"]
[Date "2021.04.25"]
[Round "6"]
[White "TERANCE JOE HESTON, NITISH JOSON:K09-17107894"]
[Black "SANTOSH, AKSHAY:K09-15350106"]
[Result "0-1"]
[ICCResult "White forfeits on time"]
[WhiteElo "1041"]
[BlackElo "1484"]
[Opening "King's Indian: 5.Nf3"]
[ECO "E90"]
[NIC "KI.21"]
[Time "13:10:29"]
[PlyCount "106"]
[TimeControl "1500+5"]

1. d4 Nf6 2. c4 g6 3. Nc3 Bg7 4. e4 d6 5. Nf3 O-O 6. Bd3 Nbd7 7. O-O e5 8.
d5 h6 9. b4 Ne8 10. Nd2 f5 11. f3 f4 12. Nb3 Rf7 13. a4 Nf8 14. c5 Nf6 15.
b5 g5 16. c6 b6 17. a5 g4 18. axb6 cxb6 19. fxg4 Nxg4 20. Be2 Qg5 21. Bf3
Nh7 22. Bxg4 Bxg4 23. Qd3 Bf8 24. h3 Bh5 25. Nd2 Rg7 26. Rf2 Be7 27. c7 Bf8
28. Qc4 Rc8 29. Rxa7 Qe7 30. Bb2 Ng5 31. Kf1 Rxc7 32. Rxc7 Qxc7 33. Qxc7
Rxc7 34. Na4 Ra7 35. Nxb6 Rb7 36. Nbc4 Rxb5 37. h4 Nf7 38. Nf3 Be7 39. Rc2
Bxf3 40. gxf3 Bxh4 41. Ba3 Be7 42. Rg2+ Kh7 43. Ra2 Rb3 44. Kg2 h5 45. Bb2
Bf8 46. Ra7 Kg6 47. Ra6 Kg5 48. Ra7 Nh8 49. Ra8 Ng6 50. Bxe5 dxe5 51. d6
Rd3 52. Rd8 Rd4 53. d7 Be7 { White forfeits on time } 0-1

[Event "ICC tourney 2533 (25 5)"]
[Site "Internet Chess Club"]
[Date "2021.04.25"]
[Round "6"]
[White "TAY, BRIAN:K09-15880655"]
[Black "LI, EDWARD:K09-16292831"]
[Result "1-0"]
[ICCResult "Black resigns"]
[WhiteElo "1978"]
[BlackElo "1595"]
[Opening "Giuoco Piano: Anderssen variation"]
[ECO "C44"]
[NIC "SO.06"]
[Time "13:11:38"]
[PlyCount "123"]
[TimeControl "1500+5"]

1. e4 e5 2. Nf3 Nc6 3. d4 exd4 4. Bc4 Bc5 5. c3 Nf6 6. e5 d5 7. Bb5 Ne4 8.
cxd4 Bb4+ 9. Bd2 Nxd2 10. Nbxd2 Bd7 11. O-O a6 12. Bxc6 Bxc6 13. a3 Be7 14.
Kh1 O-O 15. Rc1 Bd7 16. Ng1 Bg5 17. f4 Be7 18. Ngf3 c6 19. h3 Qc8 20. Kh2
h6 21. Qe1 Kh7 22. g4 f5 23. exf6 Bxf6 24. Qg3 Qb8 25. Ne5 Be6 26. Rce1 Qd6
27. Ndf3 Rae8 28. Nh4 Bxh4 29. Qxh4 Kg8 30. Qg3 Bf7 31. f5 Qb8 32. Re3 Re7
33. Rfe1 Rfe8 34. Kh1 Qc8 35. Qf4 c5 36. Nxf7 Rxe3 37. Nxh6+ gxh6 38. Rxe3
Rxe3 39. Qxe3 cxd4 40. Qxd4 Qc1+ 41. Kg2 Qc2+ 42. Kg3 Qc7+ 43. Qf4 Qb6 44.
f6 Qxb2 45. Qxh6 Qxa3+ 46. Kh4 Qf8 47. Qg6+ Kh8 48. Qh5+ Kg8 49. Qxd5+ Qf7
50. Qg5+ Kf8 51. Qc5+ Kg8 52. Qc8+ Kh7 53. g5 a5 54. Kg4 b6 55. h4 b5 56.
h5 Qc4+ 57. Qxc4 bxc4 58. g6+ Kg8 59. f7+ Kf8 60. h6 c3 61. h7 Kg7 62.
h8=Q+ { Black resigns } 1-0

[Event "ICC tourney 2533 (25 5)"]
[Site "Internet Chess Club"]
[Date "2021.04.25"]
[Round "6"]
[White "WILLIAM STONE, VINCENT:K09-15537233"]
[Black "CARRASCO, CHRISTIAN:K09-15929632"]
[Result "1-0"]
[ICCResult "Black resigns"]
[WhiteElo "2075"]
[BlackElo "1734"]
[Opening "Giuoco Pianissimo"]
[ECO "C55"]
[NIC "IG.01"]
[Time "13:11:37"]
[PlyCount "113"]
[TimeControl "1500+5"]

1. e4 e5 2. Nf3 Nc6 3. Bc4 Nf6 4. d3 Bc5 5. c3 O-O 6. O-O d6 7. a4 a5 8.
Re1 Be6 9. Bxe6 fxe6 10. d4 exd4 11. cxd4 Bb6 12. Nc3 d5 13. e5 Nd7 14. Ne2
Nb4 15. Be3 Qe8 16. Nf4 c6 17. Ng5 h6 18. Ngxe6 Rf5 19. Qb1 Rf7 20. h4 Nf8
21. Nxf8 Qxf8 22. g3 Bd8 23. Qg6 Kh8 24. Re2 Ra6 25. Qg4 Qe8 26. e6 Rf6 27.
h5 Ra8 28. Rae1 Be7 29. Ng6+ Kh7 30. Rd1 Rc8 31. Bf4 Ra8 32. Be5 Rxg6 33.
hxg6+ Qxg6 34. Qxg6+ Kxg6 35. g4 Bg5 36. f4 Be7 37. f5+ Kg5 38. Bxg7 Rg8
39. f6 Bxf6 40. Bxf6+ Kxf6 41. e7 Re8 42. Rf1+ Kg7 43. Rf3 Na6 44. Re5 Nc7
45. g5 b5 46. axb5 cxb5 47. gxh6+ Kxh6 48. Rf8 a4 49. Rxe8 Nxe8 50. Rxd5 b4
51. Ra5 a3 52. bxa3 bxa3 53. Rxa3 Kg6 54. Rf3 Kg7 55. Rf8 Nf6 56. Rxf6 Kxf6
57. e8=Q { Black resigns } 1-0

[Event "ICC tourney 2533 (25 5)"]
[Site "Internet Chess Club"]
[Date "2021.04.25"]
[Round "6"]
[White "JAKOB RAZA REMPE, JONAS:K09-15043490"]
[Black "S DINGLASAN, MATTHEW:K09-15748615"]
[Result "1/2-1/2"]
[ICCResult "Game drawn because neither player has mating material"]
[WhiteElo "1955"]
[BlackElo "1569"]
[Opening "French: exchange variation"]
[ECO "C01"]
[NIC "FR.01"]
[Time "13:10:33"]
[PlyCount "170"]
[TimeControl "1500+5"]

1. e4 e6 2. d4 d5 3. exd5 exd5 4. Nf3 Nf6 5. Bd3 Be7 6. O-O O-O 7. c3 c6 8.
Qc2 h6 9. Bf4 Bd6 10. Ne5 Nbd7 11. Nd2 Bxe5 12. Bxe5 Nxe5 13. dxe5 Nd7 14.
Rae1 c5 15. c4 Nb6 16. f4 dxc4 17. Nxc4 Nxc4 18. Bxc4 Qd4+ 19. Kh1 Be6 20.
Bd3 c4 21. Bh7+ Kh8 22. f5 Bd5 23. f6 Rfe8 24. fxg7+ Kxg7 25. Qf5 Be6 26.
Qc2 Rh8 27. Bf5 Rhf8 28. Re4 Bxf5 29. Rxf5 Qd3 30. Rxc4 Qxc2 31. Rxc2 Rac8
32. Rff2 Rfe8 33. Rxc8 Rxc8 34. h3 Rc5 35. Re2 Ra5 36. a3 Rd5 37. e6 fxe6
38. Rxe6 Rb5 39. Re2 Kf7 40. Kh2 a5 41. Kg3 b6 42. Kf3 Rc5 43. Ke4 Rc6 44.
Kd5 Rc5+ 45. Kd6 h5 46. b4 axb4 47. axb4 Rc4 48. Rb2 b5 49. Kd5 Kg6 50. Rb3
h4 51. g4 hxg3 52. Rxg3+ Kh5 53. Rg4 Rc3 54. Rd4 Kg6 55. Ke5 Kf7 56. h4 Rc6
57. Rd5 Rh6 58. Kd4 Rxh4+ 59. Kc5 Ke6 60. Rd6+ Ke7 61. Rb6 Kd7 62. Kxb5 Kc7
63. Rg6 Re4 64. Rg7+ Kb8 65. Ka5 Re2 66. Ka6 Re6+ 67. Kb5 Re4 68. Kc5 Re5+
69. Kc6 Re6+ 70. Kb5 Re4 71. Ka5 Re2 72. Rd7 Re3 73. b5 Kc8 74. Rh7 Re6 75.
Rg7 Kb8 76. b6 Re2 77. Rg4 Kb7 78. Rg7+ Kb8 79. Ka6 Ra2+ 80. Kb5 Rb2+ 81.
Kc5 Rc2+ 82. Kd4 Rc6 83. b7 Rc7 84. Rxc7 Kxc7 85. Ke4 Kxb7 { Game drawn
because neither player has mating material } 1/2-1/2

[Event "ICC tourney 2533 (25 5)"]
[Site "Internet Chess Club"]
[Date "2021.04.25"]
[Round "6"]
[White "WU, WILLIAM:K09-15782241"]
[Black "BABENKO, ARIEL:K09-15837661"]
[Result "1-0"]
[ICCResult "Black checkmated"]
[WhiteElo "1854"]
[BlackElo "979"]
[Opening "Scandinavian (center counter) defense"]
[ECO "B01"]
[NIC "VO.17"]
[Time "13:11:22"]
[PlyCount "157"]
[TimeControl "1500+5"]

1. e4 d5 2. exd5 Qxd5 3. Nf3 Nf6 4. d4 g6 5. c4 Qd8 6. Nc3 Bg7 7. h3 O-O 8.
Be2 b6 9. O-O Bb7 10. Bf4 a6 11. Qd2 Nbd7 12. Rfd1 c6 13. Rac1 Rc8 14. Ne5
c5 15. dxc5 Nxc5 16. Qe3 Qe8 17. b4 Ncd7 18. Nxd7 Nxd7 19. Bg4 e6 20. Bd6
Rxc4 21. Bxf8 Kxf8 22. Qd3 Rd4 23. Qg3 Rxd1+ 24. Rxd1 Ne5 25. Qh4 Nd7 26.
Qg3 Be5 27. f4 Bc7 28. Bf3 Bxf3 29. Qxf3 Ke7 30. Nd5+ exd5 31. Re1+ Ne5 32.
fxe5 Ke6 33. Qg4+ Ke7 34. Qg5+ Kf8 35. Qh6+ Kg8 36. Qg5 d4 37. Qf6 d3 38.
e6 d2 39. exf7+ Qxf7 40. Qxf7+ Kxf7 41. Rd1 Bf4 42. Kf2 Ke6 43. g3 Bh6 44.
Kf3 Ke5 45. g4 Kd4 46. h4 Be3 47. Ke2 h5 48. gxh5 gxh5 49. Rh1 a5 50. bxa5
bxa5 51. Rh3 a4 52. Kd1 Kd3 53. Rf3 Ke4 54. Rf7 a3 55. Rh7 Kd3 56. Rxh5 Kc3
57. Rb5 Kc4 58. Rb3 Bc5 59. Kxd2 Kd4 60. h5 Kd5 61. Rb5 Kc6 62. Rxc5+ Kxc5
63. h6 Kd4 64. h7 Kc4 65. h8=Q Kd5 66. Qc3 Ke4 67. Qxa3 Kd5 68. Qc3 Kd6 69.
a4 Kd5 70. a5 Kd6 71. a6 Kd5 72. a7 Kd6 73. a8=R Kd5 74. Rd8+ Ke6 75. Qe3+
Kf6 76. Rd4 Kf5 77. Rf4+ Kg5 78. Qg3+ Kh5 79. Rh4# { Black checkmated } 1-0

[Event "ICC tourney 2533 (25 5)"]
[Site "Internet Chess Club"]
[Date "2021.04.25"]
[Round "6"]
[White "CHANDRAN, HARISH:K09-15751871"]
[Black "SLOAN, JED:K09-15515631"]
[Result "0-1"]
[ICCResult "White checkmated"]
[WhiteElo "1561"]
[BlackElo "1983"]
[Opening "English opening"]
[ECO "A20"]
[NIC "EO.25"]
[Time "13:13:05"]
[PlyCount "146"]
[TimeControl "1500+5"]

1. c4 e5 2. d3 Nc6 3. Nc3 g6 4. Nf3 Bg7 5. g3 d6 6. Bg2 Nge7 7. O-O O-O 8.
e4 f5 9. Rb1 h6 10. Bd2 g5 11. b4 Be6 12. b5 Nb8 13. a4 f4 14. Nd5 Ng6 15.
Bc3 g4 16. Nd2 f3 17. Nxf3 gxf3 18. Bxf3 c6 19. Ne3 Bh3 20. Bg2 Qd7 21. Qh5
Bxg2 22. Kxg2 Qf7 23. Qf5 Qe8 24. Qh3 Nd7 25. Nf5 Rf6 26. bxc6 Nc5 27. cxb7
Rb8 28. d4 exd4 29. Bxd4 Qxe4+ 30. f3 Qxf5 31. Bxf6 Qxh3+ 32. Kxh3 Bxf6 33.
a5 Rxb7 34. Rbd1 Rd7 35. Rd5 Ne5 36. Rfd1 Be7 37. f4 Ned3 38. R1xd3 Nxd3
39. Rxd3 Kf7 40. Kg4 Rc7 41. Rd4 Rc5 42. a6 h5+ 43. Kf3 Kf6 44. Rd5 Rxd5
45. cxd5 Kf5 46. h3 Bf8 47. g4+ hxg4+ 48. hxg4+ Kf6 49. Ke4 Bh6 50. f5 Bg5
51. Kd4 Bf4 52. Kc4 Ke5 53. Kb5 Kxd5 54. f6 Ke6 55. Kc6 Kxf6 56. Kb7 Be3
57. Kc6 Bc5 58. Kd5 Kg5 59. Ke6 Kxg4 60. Kd5 Kf4 61. Kc4 Ke4 62. Kc3 d5 63.
Kc2 d4 64. Kd2 d3 65. Kd1 Ke3 66. Ke1 Bb6 67. Kd1 d2 68. Kc2 Ke2 69. Kb2
d1=Q 70. Ka2 Kd3 71. Ka3 Kc3 72. Ka2 Qc2+ 73. Ka1 Qb2# { White checkmated }
0-1

[Event "ICC tourney 2533 (25 5)"]
[Site "Internet Chess Club"]
[Date "2021.04.25"]
[Round "6"]
[White "KUMAR MULPURI, PARTHIV:K09-16906012"]
[Black "HUANG, LULU:K09-15214738"]
[Result "1-0"]
[ICCResult "Black checkmated"]
[WhiteElo "1006"]
[BlackElo "1414"]
[Opening "Giuoco Pianissimo: Italian four knights variation"]
[ECO "C50"]
[NIC "IG.02"]
[Time "13:11:22"]
[PlyCount "167"]
[TimeControl "1500+5"]

1. e4 e5 2. Nf3 Nc6 3. Bc4 Bc5 4. d3 Nf6 5. Nc3 O-O 6. Bg5 h6 7. Bh4 d6 8.
Nd5 Be6 9. Bxf6 gxf6 10. Nh4 f5 11. Nxf5 Bxf5 12. exf5 Qg5 13. c3 Qxf5 14.
Qe2 Rae8 15. Nxc7 Re7 16. Nd5 Ree8 17. O-O-O Qg5+ 18. Kb1 Kg7 19. h4 Qg6
20. h5 Qg5 21. Rh3 Kh8 22. Rg3 Qh4 23. Qe3 Bxe3 24. Nxe3 Qxh5 25. Rh3 Qg5
26. Rdh1 Kg7 27. Rg3 f5 28. Nd5 Qxg3 29. fxg3 a6 30. Nc7 Kg6 31. Nxe8 Rxe8
32. Bd5 Re7 33. Kc2 Rg7 34. Rh4 Kh7 35. Rh3 Kg6 36. Bf3 Kh7 37. b4 Rg6 38.
a4 Kg7 39. Kb3 Nd8 40. Rh5 Rg5 41. Rxg5+ hxg5 42. g4 f4 43. Kc4 Kf6 44. Kd5
Ke7 45. a5 Nc6 46. Be4 Nd8 47. Bf5 Nc6 48. Bc8 Nd8 49. Ke4 Kf6 50. Kd5 Ke7
51. b5 axb5 52. Bxb7 Kd7 53. a6 Kc7 54. Ba8 Nf7 55. Ke6 Nd8+ 56. Ke7 Nc6+
57. Bxc6 Kxc6 58. a7 Kb7 59. Kxd6 Kxa7 60. Kxe5 Kb6 61. Kf5 Ka5 62. Kxg5
Ka4 63. Kf6 Kb3 64. g5 Kxc3 65. g6 b4 66. g7 b3 67. g8=Q b2 68. Qa2 Kc2 69.
Kf5 Kc1 70. Kxf4 b1=Q 71. Qxb1+ Kxb1 72. d4 Kc2 73. d5 Kc3 74. d6 Kb4 75.
d7 Ka5 76. d8=Q+ Ka6 77. Qb8 Ka5 78. Qb3 Ka6 79. Qb4 Ka7 80. Qb5 Ka8 81.
Ke5 Ka7 82. Kd6 Ka8 83. Kc7 Ka7 84. Qb7# { Black checkmated } 1-0